 Dungeon Crawl Stone Soup version 0.24-a0-307-gf989941d98 (webtiles) character file.

Game seed: 748528459807770735

4300 HAL9000 the Covert (level 10, -3/44 HPs)
             Began as a Vine Stalker Enchanter on May 12, 2019.
             Was a Believer of Dithmenos.
             Slain by a warg (6 damage)
             ... on level 9 of the Dungeon.
             The game lasted 00:22:00 (8214 turns).

HAL9000 the Covert (Vine Stalker Enchanter)         Turns: 8214, Time: 00:22:00

Health: -3/44      AC:  9    Str: 17    XL:     10   Next: 32%
Magic:  0/23       EV: 10    Int: 16    God:    Dithmenos [**....]
Gold:   546        SH:  5    Dex: 17    Spells: 4/13 levels left

rFire    . . .     SeeInvis .   a - +2 dagger
rCold    . . .     Gourm    .   o - +0 buckler
rNeg     . . .     Faith    .   H - +2 robe of Mirch {*Contam rPois MP+9 Stlth+}
rPois    +         Spirit   +   l - +0 helmet
rElec    .         Reflect  .   (no cloak)
rCorr    .         Harm     .   t - +0 pair of gloves
MR       +....                  w - +2 pair of boots {Stlth+}
Stlth    ++++++++..             j - amulet of magic regeneration
HPRegen  0.54/turn              G - -2 ring of evasion (curse)
MPRegen  0.43/turn              y - +6 ring of strength

@: about to teleport, wreathed by umbra
A: fangs 3, regeneration 1, magic shield, antimagic bite, no potion heal 3, rot
immunity
a: Shadow Step, Renounce Religion


You were on level 9 of the Dungeon.
You worshipped Dithmenos.
Dithmenos was pleased with you.
You were hungry.

You visited 2 branches of the dungeon, and saw 10 of its levels.

You collected 546 gold pieces.

Inventory:

Hand Weapons
 a - a +2 dagger (weapon)
Missiles
 c - 12 boomerangs (quivered)
Armour
 b - a +0 robe
 l - a +0 helmet (worn)
 o - a +0 buckler (worn)
 t - a +0 pair of gloves (worn)
 w - a +2 pair of boots of stealth (worn)
 H - the +2 robe of Mirch (worn) {*Contam rPois MP+9 Stlth+}
   (You found it on level 8 of the Dungeon)

   It protects you from poison.
   It affects your magic capacity (+9).
   It causes magical contamination when unequipped.
   It makes you more stealthy.
Jewellery
 f - an uncursed ring of flight
 g - a +3 ring of protection
 j - an amulet of magic regeneration (around neck)
 y - a +6 ring of strength (right hand)
 A - an uncursed ring of protection from cold
 C - an uncursed ring of resist corrosion
 G - a cursed -2 ring of evasion (left hand)
 I - the ring "Waterus" {*Contam +Fly rN+ Int+4, unknown}
   (You found it on level 8 of the Dungeon)

   [ring of flight]

   It affects your intelligence (+4).
   It protects you from negative energy.
   It lets you fly.
   It causes magical contamination when unequipped.
 J - an uncursed ring of ice {unknown}
 K - an uncursed ring of wizardry {unknown}
Wands
 h - a wand of paralysis (9)
 i - a wand of iceblast (20)
 B - a wand of polymorph (7)
Scrolls
 k - a scroll of teleportation
 n - 2 scrolls of immolation
 p - 2 scrolls of amnesia
 q - 2 scrolls of enchant weapon
 r - 4 scrolls of identify
 s - 2 scrolls of enchant armour
 u - a scroll of magic mapping
 v - 2 scrolls of fear {unknown}
 D - a scroll of random uselessness {unknown}
Potions
 e - 8 potions of curing
 m - 3 potions of lignification
 x - a potion of flight
 z - 2 potions of agility
 F - 2 potions of might {unknown}
 L - a potion of brilliance
Comestibles
 d - 22 rations


   Skills:
 * Level 8.0 Short Blades
 - Level 1.5 Dodging
 + Level 10.2 Stealth
 - Level 4.0 Shields
 - Level 2.1 Spellcasting
 - Level 8.7 Hexes


You had 4 spell levels left.
You knew the following spells:

 Your Spells              Type           Power        Failure   Level  Hunger
a - Corona                Hex            ####...      1%          1    #......
b - Ensorcelled Hibernat  Hex/Ice        ###...       5%          2    ###....
c - Confuse               Hex            ####....     1%          3    ###....
d - Tukima's Dance        Hex            ####....     1%          3    ###....

Your spell library contained the following spells:

 Spells                   Type           Power        Failure   Level  Hunger
 Confusing Touch          Hex            ####..       1%          1    #......
 Dazzling Spray           Conj/Hex       ###...       11%         3    ###....
 Animate Skeleton         Necr           N/A          21%         1    #......
 Apportation              Tloc           #.....       21%         1    #......
 Sandblast                Erth           #.....       21%         1    #......
 Summon Small Mammal      Summ           #...         21%         1    #......
 Leda's Liquefaction      Hex/Erth       ###.......   34%         4    #####..
 Lee's Rapid Deconstruct  Erth           #.........   99%         5    ######.
 Shatter                  Erth           #.........   100%        9    #######


Dungeon Overview and Level Annotations

Branches:
Dungeon (9/15)             Temple (1/1) D:6
   Lair: D:8-11         Orc: D:9-12

Altars:
Ashenzari
Cheibriados
Dithmenos
Elyvilon
Fedhas
Gozag
Hepliaklqana
Kikubaaqudgha
Makhleb
Nemelex Xobeh
Okawaru
Qazlal
Ru
Sif Muna
Trog
Uskayaw
Vehumet
Wu Jian
Xom
Yredelemnul
The Shining One

Annotations:
D:7 2 transporters


Innate Abilities, Weirdness & Mutations

You have razor-sharp teeth.
Your natural rate of healing is unusually fast.
When hurt, damage is shared between your health and your magic reserves.
Your bite disrupts and absorbs the magic of your enemies.
Potions cannot restore your health.
You are immune to rotting.


Message History

Aiming: Confuse (safe; 1% risk of failure)
Press: ? - help, Shift-Dir - straight line, f/p - warg
Aim: a warg (umbra, chance to defeat MR: 40%)
The warg resists with some effort.
The warg bites you! x2
The warg bites you but does no damage.
Casting: Confuse (safe; 1% risk of failure)
Confirm with . or Enter, or press ? or * to list all spells.
Aiming: Confuse (safe; 1% risk of failure)
Press: ? - help, Shift-Dir - straight line, f/p - warg
Aim: a warg (umbra, chance to defeat MR: 40%)
The warg resists with some effort.
The warg bites you!
* * * LOW HITPOINT WARNING * * *
Unknown command.
As you read the scroll of teleportation, it crumbles to dust.
You feel strangely unstable. The warg bites you!
* * * LOW HITPOINT WARNING * * *
Unknown command.
The warg stops to sniff the ground.
The warg bites you!
You die...

........# ##.#.#
........########.#.#
#................#.#
#.......########.#.#
........# #.#.#
...##...# #.#.#
...##...# #.#)#
........# #.#.#
.5......########@#.#
[...##..#........h.#
...[##..#...######.#
........)......)...#
........#<..######.#
..##....[#.## #.#
..##........# #.#
............ ..#
[......#...### ###


You could see a warg.

Vanquished Creatures
  2 two-headed ogres (D:8)
  Prince Ribbit (D:5)
  A hippogriff (D:8)
  A spriggan (D:7)
  A hungry ghost (D:8)
  2 sky beasts
  A black bear (D:8)
  A phantom (D:7)
  4 ogres
  A centaur (D:7)
  A crocodile (D:6)
  A big kobold (D:7)
  3 scorpions
  2 howler monkeys
  3 crimson imps
  2 hounds
  4 bullfrog zombies
  2 jellies
  A bullfrog skeleton (D:4)
  4 iguanas
  2 orc priests
  4 orc wizards
  9 worker ants
  A hound zombie (D:5)
  A hound skeleton (D:6)
  3 gnolls (D:3)
  7 adders
  4 shadow imps
  An ooze (D:4)
  6 worms
  3 dart slugs (D:2)
  6 leopard geckos
  28 orcs
  2 ball pythons
  10 bats
  4 giant cockroaches
  4 goblins
  9 hobgoblins
  9 jackals
  3 quokkas
  11 frilled lizards
  12 kobolds
  5 rats
182 creatures vanquished.

Vanquished Creatures (collateral kills)
  An orc warrior (D:5)
1 creature vanquished.

Vanquished Creatures (others)
  A dancing weapon (D:6)
1 creature vanquished.

Grand Total: 184 creatures vanquished

Notes
Turn   | Place    | Note
-------+----------+-------------------------------------------
     0 | D:1      | HAL9000 the Vine Stalker Enchanter began the quest for the
                  | Orb.
     0 | D:1      | Reached XP level 1. HP: 9/9 MP: 4/4
   137 | D:1      | Reached XP level 2. HP: 13/13 MP: 4/6
   159 | D:1      | Learned a level 2 spell: Ensorcelled Hibernation
   203 | D:1      | Reached skill level 1 in Short Blades
   665 | D:2      | Reached XP level 3. HP: 12/16 MP: 7/7
   709 | D:2      | Learned a level 3 spell: Confuse
   709 | D:2      | Found a bloodstained altar of Trog.
   712 | D:2      | Found an iron altar of Okawaru.
  1379 | D:1      | Gained mutation: Your natural rate of healing is unusually
                  | fast. [Vine Stalker growth]
  1379 | D:1      | Reached XP level 4. HP: 2/21 MP: 1/8
  2235 | D:3      | Found a white marble altar of Elyvilon.
  2269 | D:3      | Reached XP level 5. HP: 24/24 MP: 9/9
  3066 | D:4      | Reached skill level 1 in Shields
  3066 | D:4      | Reached skill level 5 in Hexes
  3183 | D:4      | Reached XP level 6. HP: 28/28 MP: 10/10
  3517 | D:4      | Reached XP level 7. HP: 32/32 MP: 7/11
  3987 | D:4      | Found a hazy altar of Hepliaklqana.
  3987 | D:4      | Found a hide-covered altar of Uskayaw.
  4020 | D:4      | Found a radiant altar of Vehumet.
  4085 | D:5      | Entered Level 5 of the Dungeon
  4440 | D:5      | Gained mutation: You have razor-sharp teeth. [Vine Stalker
                  | growth]
  4440 | D:5      | Reached XP level 8. HP: 36/36 MP: 9/12
  4630 | D:5      | Noticed Prince Ribbit
  4688 | D:5      | Learned a level 3 spell: Tukima's Dance
  5096 | D:5      | Killed Prince Ribbit
  5332 | D:5      | Reached skill level 4 in Stealth
  5541 | D:6      | Found a staircase to the Ecumenical Temple.
  5560 | Temple   | Entered the Ecumenical Temple
  5600 | Temple   | Became a worshipper of Dithmenos the Shadowed
  6411 | D:7      | Found a transporter.
  6411 | D:7      | Noticed a yaktaur
  6413 | D:7      | Noticed a gargoyle
  6457 | D:7      | Reached skill level 5 in Stealth
  6615 | D:7      | Reached XP level 9. HP: 39/39 MP: 13/13
  6727 | D:7      | Reached skill level 5 in Short Blades
  6727 | D:7      | Reached skill level 6 in Stealth
  6971 | D:7      | Found a transporter.
  7127 | D:7      | Reached skill level 7 in Stealth
  7277 | D:8      | Reached * piety under Dithmenos
  7357 | D:8      | Reached skill level 8 in Stealth
  7405 | D:8      | Noticed a two-headed ogre
  7411 | D:8      | Killed a two-headed ogre
  7411 | D:8      | Reached skill level 9 in Stealth
  7411 | D:8      | Reached XP level 10. HP: 44/44 MP: 14/14
  7440 | D:8      | Identified Hameqi's Guide on Earth
  7939 | D:8      | Noticed a two-headed ogre
  7949 | D:8      | Killed a two-headed ogre
  7949 | D:8      | Reached skill level 10 in Stealth
  7956 | D:8      | Got a shadowed robe
  7967 | D:8      | Identified the +2 robe of Mirch {*Contam rPois MP+9 Stlth+}
                  | (You found it on level 8 of the Dungeon)
  7979 | D:8      | Got a scintillating turquoise ring
  8188 | D:9      | Reached ** piety under Dithmenos
  8214 | D:9      | Slain by a warg

Levels and vault maps discovered:
D:1:      dpeg_arrival_lava_temple_mockup, layout_basic, serial_curves,
          eino_curves_02, eino_curves_04
D:2:      layout_loops_corners, grunt_temple_overflow_open
D:3:      layout_basic, lemuel_round_altar, first_ration
D:4:      layout_cave_pools, nicolae_overflow_crystal_walls,
          gammafunk_temple_overflow_elements
D:5:      layout_basic, serial_bayou_lake_a, uniq_prince_ribbit1
D:6:      layout_cave_pods, minmay_temple_entry_mini_moons
D:7:      gammafunk_the_bubble [the_bubble_gammafunk_split], layout_gridville,
          the_bakery
D:8:      layout_basic
D:9:      layout_loops_ring, kennysheep_mini_moat, erik_orc_4
Temple:   regret_index_temple_waves

Skill      XL: |  1  2  3  4  5  6  7  8  9 10 |
---------------+-------------------------------+-----
Short Blades   | 1 2 4 7 8 |  8.0
Hexes          | 4 5 6 7 8 |  8.7
Shields        | 1 2 3 4 |  4.0
Stealth        | 5 9 10 | 10.2
Dodging        | |  1.5
Spellcasting   | |  2.1

Action                   |  1- 3 |  4- 6 |  7- 9 | 10-12 || total
-------------------------+-------+-------+-------+-------++-------
Melee: Dagger            |   123 |   220 |   346 |    84 ||   773
       Bite              |    23 |    62 |   108 |    33 ||   226
Throw: Boomerang         |       |       |     2 |     1 ||     3
 Cast: Ensorcelled Hiber |     3 |       |       |     4 ||     7
       Confuse           |     7 |    21 |    62 |    19 ||   109
       Corona            |       |     2 |       |       ||     2
       Tukima's Dance    |       |       |     2 |       ||     2
  Use: Potion            |     3 |       |       |       ||     3
       Scroll            |     1 |       |    12 |     1 ||    14
 Stab: Sleeping          |    17 |     8 |     8 |     4 ||    37
       Confused          |     1 |    17 |    30 |     5 ||    53
  Eat: Chunk             |     3 |     9 |    15 |     4 ||    31
       Ration            |       |       |     2 |       ||     2
Armor: Robe              |    33 |    63 |    86 |    26 ||   208
Dodge: Dodged            |    65 |   106 |   141 |    33 ||   345
Block: Buckler           |       |    16 |    74 |    11 ||   101

Table legend:
 A = Non-vault XP
 B = Vault XP
 C = Vault XP percentage of total XP
 D = Non-vault monster count
 E = Vault monster count
 F = Vault count percentage of total count
                 A         B        C        D         E       F
            +---------+---------+-------+---------+---------+-------
      Total |    5516 |     628 |  10.2 |     175 |       8 |   4.4
            +---------+---------+-------+---------+---------+-------
        D:1 |      44 |       0 |   0.0 |      18 |       0 |   0.0
        D:2 |      46 |       0 |   0.0 |      22 |       0 |   0.0
        D:3 |     110 |       0 |   0.0 |      31 |       0 |   0.0
        D:4 |     691 |       0 |   0.0 |      20 |       0 |   0.0
        D:5 |     618 |     283 |  31.4 |      18 |       1 |   5.3
        D:6 |     408 |       0 |   0.0 |      17 |       0 |   0.0
        D:7 |     699 |     224 |  24.3 |      16 |       1 |   5.9
        D:8 |    2841 |       0 |   0.0 |      31 |       0 |   0.0
        D:9 |      59 |     121 |  67.2 |       2 |       6 |  75.0
            +---------+---------+-------+---------+---------+-------
